Map: Ley Lines

Players

ManlyManMeat

  • Race: Zerg Zerg
  • League: Diamond
  • Spawn Location: 7:00

FirosAryn - Winner!

  • Race: Terran Terran
  • League: Diamond
  • Spawn Location: 1:00

VOD

Have the link to the VOD?

Description

Time

  • Played on: July 2, 2025, 7:09 a.m.
  • Length: 12:52
Show
View Real Time Build Order
Export as new Build Order

ManlyManMeat Zerg 

Build Orders: Hatch First 

Get SALT Encoding   

  12  0:00  Drone  
  13  0:08  Drone  
  13  0:14  Extractor  
  13  0:15  Drone  
  15  0:21  Overlord  
  15  0:40  Drone  
  16  0:47  Hatchery  
  15  0:50  Drone  
  15  0:54  Drone  
  17  0:57  Drone  
  18  1:07  Extractor  
  17  1:14  Spawning Pool  
  16  1:19  Drone x2  
  18  1:31  Drone  
  19  1:36  Drone  
  20  2:00  Queen x2  
  25  2:01  Zergling x4  
  25  2:05  Overlord  
  26  2:17  Drone x2  
  28  2:31  Metabolic Boost  
  28  2:33  Drone x4  
  32  2:46  Drone x2  
  34  2:52  Hatchery  
  33  2:59  Queen  
  33  3:04  Overlord  
  35  3:16  Overlord  
  35  3:17  Overlord  
  35  3:23  Drone x3  
  35  3:24  Drone x2  
  40  3:35  Queen  
  41  3:50  Roach Warren  
  41  3:53  Drone x2  
  41  3:54  Drone  
  43  3:57  Extractor  
  43  4:00  Drone x3  
  45  4:03  Evolution Chamber  
  45  4:08  Drone x2  
  46  4:31  Zergling x12  
  49  4:32  Zergling x2  
  49  4:34  Lair  
  49  4:35  Zerg Missile Weapons Level 1  
  49  4:36  Roach x2  
  49  4:37  Overlord x3  
  57  4:56  Roach x2  
  57  4:57  Roach x4  
  69  5:14  Roach  
  69  5:15  Roach x3  
  69  5:18  Zergling x10  
  69  5:19  Overlord  
  82  5:28  Overlord  
  80  5:48  Roach x5  
  89  5:54  Extractor  
  89  5:55  Drone x2, Overlord x2  
  89  5:56  Overlord x2  
  78  6:12  Glial Reconstitution  
  78  6:16  Queen x3  
  84  6:25  Zergling x2  
  84  6:26  Zergling x14  
  88  6:45  Zergling x20  
  98  6:58  Zerg Ground Armor Level 1  
  95  7:15  Hatchery  
  95  7:22  Evolution Chamber  
  80  7:39  Roach x7  
  92  7:55  Ravager x4  
  92  7:56  Overlord x3  
  96  8:05  Roach x2  
  85  8:17  Roach  
  81  8:23  Ravager x4  
  81  8:24  Roach  
  87  8:30  Zergling x4, Roach  
  89  8:50  Hatchery  
  88  8:57  Hatchery  
  87  9:04  Zergling x10  
  87  9:07  Hatchery  
  91  9:17  Hatchery  
  91  9:20  Zergling x2  
  80  9:39  Zergling x6  
  66  9:51  Roach  
  66  9:52  Roach x3  
  53  9:57  Zergling x2  
  54  10:18  Roach x2  
  58  10:23  Queen  
  58  10:27  Roach x4  
  68  10:31  Roach x2  
  68  10:45  Zergling x6  
  65  10:58  Zergling x12  
  65  11:03  Drone  
  66  11:19  Zergling x18  
  66  11:25  Roach x2  
  77  11:31  Overseer x2  
  74  11:42  Zergling x10  
  78  11:49  Zergling x8  
  80  11:58  Ravager x7  
  80  11:59  Zergling x2, Ravager  
  56  12:26  Roach x4  
  56  12:27  Roach x4  
  59  12:33  Roach x2  
  59  12:48  Ravager x2  
Show
View Real Time Build Order
Export as new Build Order

FirosAryn Terran - Winner!

Build Orders: 2 Factory, Command Center First 

Get SALT Encoding   

  12  0:00  SCV  
  13  0:12  SCV  
  14  0:18  Supply Depot  
  14  0:24  SCV  
  15  0:39  SCV  
  16  0:51  SCV  
  17  0:59  Command Center  
  17  1:03  SCV  
  18  1:14  Barracks  
  18  1:17  SCV  
  19  1:21  Refinery  
  19  1:27  Refinery  
  19  1:31  SCV  
  20  1:47  SCV  
  20  1:54  Supply Depot  
  21  2:00  SCV  
  22  2:02  Marine  
  23  2:11  Orbital Command  
  23  2:15  Orbital Command  
  23  2:20  Barracks Tech Lab  
  23  2:27  Factory  
  23  2:39  SCV  
  24  2:45  Factory  
  24  2:52  SCV x2  
  24  2:53  Barracks Reactor  
  26  3:01  Factory  
  26  3:05  SCV  
  26  3:06  SCV  
  28  3:18  Hellion, SCV x2  
  28  3:19  Infernal Pre-Igniter  
  32  3:27  Orbital Command  
  32  3:30  SCV  
  34  3:39  Supply Depot  
  33  3:42  Cyclone  
  33  3:44  Hellion x2  
  40  3:56  Factory Tech Lab  
  40  4:00  SCV x2  
  42  4:04  Refinery  
  42  4:11  Hellion x2  
  42  4:15  Cyclone  
  49  4:21  Supply Depot  
  49  4:23  SCV x2  
  51  4:31  Supply Depot  
  51  4:32  Cyclone  
  51  4:36  Mag-Field Accelerator  
  54  4:42  SCV x2  
  54  4:45  Armory  
  56  4:46  Hellion  
  56  4:47  Hellion  
  60  4:54  SCV  
  60  4:58  Cyclone  
  64  5:05  SCV  
  65  5:08  Cyclone  
  65  5:09  Hellion  
  70  5:33  Command Center  
  70  5:34  Refinery  
  70  5:35  Terran Vehicle And Ship Armor Level 1  
  70  5:37  Supply Depot  
  70  5:38  Supply Depot  
  70  5:57  Cyclone, SCV, Hellion x2  
  70  5:58  SCV  
  79  6:09  SCV  
  79  6:10  SCV  
  75  6:13  Cyclone  
  75  6:14  Drilling Claws  
  78  6:21  SCV  
  78  6:22  SCV  
  78  6:33  SCV  
  78  6:34  SCV  
  80  6:44  Cyclone  
  80  6:45  Hellion x2, SCV, Cyclone  
  80  6:46  SCV  
  92  6:58  SCV  
  92  6:59  SCV  
  92  7:00  Orbital Command  
  94  7:02  Supply Depot  
  94  7:06  Hellion, Supply Depot, Factory  
  94  7:07  Starport  
  96  7:09  Engineering Bay  
  96  7:19  SCV  
  96  7:20  SCV  
  96  7:22  Cyclone, Widow Mine x2  
  105  7:28  Hellion  
  107  7:31  SCV  
  105  7:41  SCV  
  105  7:43  Cyclone, Hellion  
  105  7:44  SCV  
  110  7:49  Hellion  
  112  7:53  SCV  
  112  7:55  Widow Mine  
  115  8:01  Orbital Command  
  115  8:05  Hellion  
  115  8:10  Hellion  
  114  8:15  Cyclone  
  114  8:16  Cyclone  
  120  8:39  SCV x3  
  123  8:43  Terran Vehicle And Ship Armor Level 2  
  123  8:47  Missile Turret  
  123  8:48  Starport Tech Lab  
  123  8:49  Missile Turret  
  123  8:50  Factory Reactor  
  123  8:51  Missile Turret, SCV x2  
  125  9:02  SCV, Widow Mine x3  
  132  9:03  SCV  
  132  9:04  Supply Depot  
  132  9:07  Supply Depot  
  132  9:08  Supply Depot  
  132  9:09  Supply Depot  
  133  9:19  SCV  
  133  9:20  SCV  
  133  9:22  Widow Mine  
  123  9:31  Supply Depot  
  123  9:32  SCV  
  114  9:41  Hellion x8, Orbital Command  
  108  9:49  SCV x2  
  112  9:52  Cyclone  
  112  9:53  Cyclone  
  112  9:54  Widow Mine x3  
  112  9:55  Hellion  
  112  9:57  Banshee  
  126  10:01  SCV x2  
  127  10:15  Hellion  
  127  10:16  Hellion x3, Supply Depot  
  127  10:18  SCV x3  
  137  10:25  Siege Tank  
  140  10:30  SCV x3  
  143  10:42  SCV x2  
  140  11:12  SCV x3  
  142  11:24  SCV  
  142  11:30  Cyclone x2  
  142  11:31  Hellion x2, Widow Mine x2  
  154  11:52  Hellion  
  154  11:53  Hellion x3  
  156  12:04  Cyclone x2  
  156  12:08  Banshee  
  162  12:14  Hellion x2, Widow Mine  
Tags
 
Add a new tag
Caveats
  • Supply blocks, unpowered buildings, or Contaminate may cause inaccurate times.
  • Supply counts are checked every 10 seconds.